 Dungeon Crawl Stone Soup version 0.31-a0-1300-gb6740aa4e6 (webtiles) character file.

Game seed: 10463860932733564270

4757 grandjackal the Fighter (level 10, -10/91 HPs)
             Began as a Red Draconian Gladiator on Dec 18, 2023.
             Was a Believer of Okawaru.
             Mangled by a sixfirhy (11 damage)
             ... summoned by an orc high priest
             ... in a bailey.
             The game lasted 00:10:31 (7240 turns).

grandjackal the Fighter (Red Draconian Gladiator)   Turns: 7240, Time: 00:10:32

Health: -10/91     AC: 13    Str: 20    XL:     10   Next: 23%
Magic:  13/13      EV: 16    Int:  9    God:    Okawaru [**....]
Gold:   316        SH:  0    Dex: 17    Spells: 9/9 levels left

rFire   + . .        C - +2 long sword (drain)
rCold   . . .        (no shield)
rNeg    . . .        (body armour unavailable)
rPois   .            b - +1 hat
rElec   .            F - +0 cloak
rCorr   +            i - +0 pair of gloves
SInv    +            I - +2 pair of boots of the Nexus {Will+ Str+4}
Will    +....        A - amulet of the acrobat
Stlth   ++           n - ring of see invisible
HPRegen 0.35/turn    z - ring of resist corrosion
MPRegen 0.13/turn

%: acrobat
@: short of breath, weakened
A: breathe fire, AC +7, unfitting armour, fire resistance 1, cold-blooded
a: Breathe Fire, Renounce Religion, Heroism


You were in a bailey.
You worshipped Okawaru.
Okawaru was pleased with you.
You visited 2 branches of the dungeon, and saw 8 of its levels.
You also visited: Bailey.

You collected 316 gold pieces.

Inventory:

Hand Weapons
 a - a +1 long sword
 h - a +0 dagger of venom
 y - a +2 dagger of venom
 C - a +2 long sword of draining (weapon)
Missiles
 c - 3 throwing nets (quivered)
 d - a javelin
 E - 5 curare-tipped darts
Armour
 b - a +1 hat (worn)
 i - a +0 pair of gloves (worn)
 F - a +0 cloak (worn)
 I - the +2 pair of boots of the Nexus (worn) {Will+ Str+4}
   (You acquired it in a bailey)

   Str+4:     It affects your strength (+4).
   Will+:     It increases your willpower.
Jewellery
 e - a ring of wizardry
 n - a ring of see invisible (left hand)
 z - a ring of resist corrosion (right hand)
 A - an amulet of the acrobat (around neck)
Wands
 j - a wand of polymorph (16)
 G - a wand of quicksilver (11)
 H - a wand of roots (13)
Scrolls
 f - 2 scrolls of poison {unknown}
 g - a scroll of vulnerability {unknown}
 k - 2 scrolls of fear {unknown}
 l - 3 scrolls of teleportation {unknown}
 o - 2 scrolls of summoning {unknown}
 p - a scroll of immolation {unknown}
 q - a scroll of amnesia {unknown}
 r - a scroll of enchant armour
 t - 4 scrolls of identify {unknown}
 u - 2 scrolls of torment {unknown}
 v - a scroll of revelation {unknown}
Potions
 m - 4 potions of curing {unknown}
 s - a potion of degeneration {unknown}
 w - 3 potions of mutation {unknown}
 x - a potion of might {unknown}
 B - a potion of resistance {unknown}
 D - a potion of attraction


   Skills:
 + Level 9.4 Fighting
 + Level 8.8 Long Blades
 - Level 2.0 Throwing
 + Level 8.0 Dodging
 + Level 5.1 Invocations


You had 9 spell levels left.
You didn't know any spells.
Your spell library contained the following spells:

 Spells                   Type           Power      Damage    Failure   Level
 Dazzling Flash           Conj/Hex       0%         N/A       77%         3
 Ignite Poison            Fire/Tmut/Pois 0%         N/A       77%         3
 Sigil of Binding         Hex            0%         N/A       77%         3
 Volatile Blastmotes      Fire/Tloc      0%         2d10      77%         3
 Dimensional Bullseye     Hex/Tloc       0%         N/A       99%         4
 Iskenderun's Mystic Bla  Conj/Tloc      0%         2d3       99%         4
 Sticky Flame             Conj/Fire      0%         2d3       99%         4
 Starburst                Conj/Fire      0%         6d3       100%        6
 Ignition                 Fire           0%         3d3       100%        8
 Maxwell's Capacitive Co  Air            0%         ∞         100%        8
 Call Canine Familiar     Summ           Unusable   N/A       N/A         3
 Tukima's Dance           Hex            Unusable   N/A       N/A         3

Dungeon Overview and Level Annotations

Branches:
Dungeon (7/15)             Temple (1/1) D:6          Bailey (1/1)

Altars:
Ashenzari
Cheibriados
Elyvilon
Gozag
Hepliaklqana
Kikubaaqudgha
Makhleb
Nemelex Xobeh
Okawaru
Qazlal
Ru
Sif Muna
Trog
Uskayaw
Vehumet
Wu Jian
Xom
Yredelemnul
Zin
The Shining One

Annotations:
D:5 3 runed translucent doors, timneilson's ghost, novice OpSh
D:6 Sigmund


Innate Abilities, Weirdness & Mutations

You can breathe blasts of fire.
Your fiery red scales are hard. (AC +7)
You cannot fit into any form of body armour.
Your flesh is heat resistant. (rF+)
You are cold-blooded and may be slowed by cold attacks.


Message History

You have got your breath back.
The orc high priest utters an invocation to Beogh.
The goblin closely misses you. The orc warrior misses you.
Okay, then.
Okay, then.
You hit the orc high priest.
The orc high priest is severely wounded.
The sixfirhy completely misses you. The sixfirhy misses you.
The sixfirhy hits you but does no damage.
The goblin hits you with a +0 hand axe.
The orc high priest utters an invocation to Beogh.
The orc warrior hits you but does no damage.
You hit the orc high priest but do no damage.
The orc high priest is severely wounded.
The sixfirhy disappears in a puff of smoke!
The goblin hits you but does no damage. The orc warrior misses you.
The orc high priest invokes the aid of Beogh against you.
Beogh smites you!
* * * LOW HITPOINT WARNING * * *
The orange demon barely misses you. The orange demon hits you.
* * * LOW HITPOINT WARNING * * *
You feel your attacks grow feeble.
Unknown command.
Aiming: Breathe Fire (3% risk of failure)
Press: ? - help, Shift-Dir - straight line, f/p - orc high priest
Aim: an orc high priest, wielding a +0 broad axe and wearing a +0 scale mail (heavily wounded, lightly drained, 64% to hit)
You breathe a blast of fire.
The fiery breath hits the orc high priest.
The orc high priest is severely wounded.
The sixfirhy hits you.
* * * LOW HITPOINT WARNING * * *
The sixfirhy shocks you!
* * * LOW HITPOINT WARNING * * *
The sixfirhy misses you. The goblin hits you but does no damage.
The orc high priest is engulfed in blazing flames.
The orc high priest calls down the wrath of Beogh upon you.
You easily resist.
The orc warrior misses you. The sixfirhy hits you.
* * * LOW HITPOINT WARNING * * *
The sixfirhy shocks you!
You die...

#....#......)#.....)....#≈≈≈≈≈#
≈#....#.8.8.8.).....#....#≈≈≈≈≈#
≈######...##############.#≈≈≈≈≈#
≈~.#..)...# +..#.~≈≈≈≈≈#
≈~.#..)...#. #..#.~≈≈≈≈≈#
≈~.#''#####.. #..#.~≈≈≈≈≈#
≈~.#.....##... #########.~≈≈≈≈≈#
...')....##....#o.8.8..#.~≈≈≈≈≈#
...').⌠..##.._og@34.)...∩~≈≈≈≈≈#
...')....##...4#o§8.8..#.~≈≈≈≈≈#
≈~.#.....##... #########.~≈≈≈≈≈#
≈~.#''#####.. #..#.~≈≈≈≈≈#
≈~.#......#. #))#.~≈≈≈≈≈#
≈~.#......# #.~≈≈≈≈≈#
≈######.).##############.#≈≈≈≈≈#
≈#....#.8)8.8.).....#....#≈≈≈≈≈#
#....#......)#.....'....#≈≈≈≈≈#


You could see an orc high priest (drained), an orange demon (summoned), a
sixfirhy (summoned), a chaos spawn (summoned), 2 orc warriors and a goblin.

Vanquished Creatures
  An orc knight (Bailey)
  Maggie (D:7)
  A kobold demonologist (Bailey)
  A troll (D:6)
  A fire bat (Bailey)
  Menkaure (D:4)
  Edmund (D:6)
  A water moccasin (D:6)
  An ice beast (D:6)
  12 orc warriors (Bailey)
  A sky beast (D:6)
  2 ogres
  5 phantoms
  A centaur (D:6)
  A bullfrog (D:7)
  5 scorpions
  3 electric eels (Bailey)
  A howler monkey (D:5)
  4 hounds
  3 orc priests
  A gnoll bouda (D:6)
  Crazy Yiuf (D:6)
  A sleepcap (D:7)
  Jessica (D:2)
  3 iguanas
  An orc wizard (D:5)
  Robin (D:2)
  4 gnolls
  12 adders
  2 white imps
  A worm (D:2)
  3 dart slugs
  23 orcs
  3 ball pythons
  5 endoplasms
  3 giant cockroaches
  31 goblins
  11 hobgoblins
  2 kobolds
  4 quokkas
  5 bats
  6 frilled lizards
  2 rats
173 creatures vanquished.

Vanquished Creatures (others)
  A goblin (D:7)
1 creature vanquished.

Grand Total: 174 creatures vanquished

Notes
Turn   | Place    | Note
-------+----------+-------------------------------------------
     0 | D:1      | grandjackal the Draconian Gladiator began the quest for the
                  | Orb.
     0 | D:1      | Reached XP level 1. HP: 17/17 MP: 1/1
   134 | D:1      | Reached XP level 2. HP: 19/25 MP: 2/2
   870 | D:2      | Reached XP level 3. HP: 17/30 MP: 3/3
   935 | D:2      | Reached skill level 3 in Fighting
  1014 | D:2      | Noticed Robin
  1042 | D:2      | Killed Robin
  1063 | D:2      | Reached XP level 4. HP: 29/38 MP: 4/4
  1387 | D:2      | Noticed Jessica
  1444 | D:2      | Killed Jessica
  2040 | D:3      | Reached XP level 5. HP: 25/46 MP: 5/5
  2275 | D:3      | Reached skill level 4 in Fighting
  2566 | D:4      | Noticed a phantom
  2607 | D:3      | Killed a phantom
  2608 | D:3      | Reached XP level 6. HP: 13/53 MP: 6/6
  3155 | D:4      | Reached skill level 5 in Fighting
  3155 | D:4      | Reached skill level 5 in Long Blades
  3175 | D:4      | HP: 2/56 [poisoned by an orc]
  3192 | D:4      | Your scales start taking on a fiery red colour.
  3192 | D:4      | Reached XP level 7. HP: 7/61 MP: 7/7
  3192 | D:4      | Gained mutation: Your flesh is heat resistant. (rF+) [Red
                  | Draconian growth]
  3679 | D:4      | Found a hazy altar of Hepliaklqana.
  3760 | D:4      | Noticed Menkaure
  3766 | D:4      | Killed Menkaure
  3767 | D:4      | Reached skill level 5 in Dodging
  3774 | D:5      | Entered Level 5 of the Dungeon
  3797 | D:5      | Reached skill level 6 in Fighting
  3886 | D:5      | Found a runed translucent gate.
  3887 | D:5      | Found a runed translucent gate.
  3887 | D:5      | Noticed timneilson's ghost (novice OpSh)
  3888 | D:5      | Found a runed translucent gate.
  3952 | D:5      | Reached XP level 8. HP: 70/70 MP: 8/8
  4464 | D:6      | Noticed Sigmund
  4470 | D:6      | Noticed Edmund
  4492 | D:6      | Noticed a +0 spear
  4493 | D:6      | Noticed a +0 short sword
  4493 | D:6      | Noticed a +0 dagger
  4493 | D:6      | Noticed a +0 falchion
  4493 | D:6      | Noticed a +0 spear
  4493 | D:6      | Noticed a +0 short sword
  4495 | D:6      | Noticed a +0 falchion
  4495 | D:6      | Noticed a +0 dagger
  4507 | D:6      | Found a hide-covered altar of Uskayaw.
  4525 | D:6      | Found a burning altar of Makhleb.
  4866 | D:6      | Reached skill level 7 in Fighting
  5309 | D:6      | Found a runed translucent door.
  5310 | D:6      | Noticed Crazy Yiuf
  5358 | D:6      | Found a staircase to the Ecumenical Temple.
  5388 | Temple   | Entered the Ecumenical Temple
  5396 | Temple   | Became a worshipper of Warmaster Okawaru
  5497 | D:6      | Killed Edmund
  5498 | D:6      | Reached skill level 1 in Invocations
  5498 | D:6      | Reached XP level 9. HP: 79/81 MP: 9/9
  5556 | D:6      | Noticed a troll
  5558 | D:6      | Found a snail-covered altar of Cheibriados.
  5561 | D:6      | Killed a troll
  5562 | D:6      | Reached skill level 8 in Fighting
  5739 | D:6      | Killed Crazy Yiuf
  5814 | D:7      | Found a flagged portal.
  5817 | D:7      | Noticed Maggie
  5852 | D:7      | Killed Maggie
  5852 | D:7      | Reached * piety under Okawaru
  6049 | Bailey   | Entered a bailey
  6668 | Bailey   | Reached skill level 9 in Fighting
  6677 | Bailey   | Reached ** piety under Okawaru
  6846 | Bailey   | Noticed a kobold demonologist
  6851 | Bailey   | Noticed a sun demon
  6852 | Bailey   | Killed a kobold demonologist
  6853 | Bailey   | Reached XP level 10. HP: 91/91 MP: 13/13
  6913 | Bailey   | Noticed an orc knight
  6921 | Bailey   | Killed an orc knight
  6939 | Bailey   | Reached skill level 5 in Invocations
  7145 | Bailey   | Acquired the +2 pair of boots of the Nexus {Will+ Str+4}
  7220 | Bailey   | Found an iron altar of Okawaru.
  7220 | Bailey   | Noticed an orc high priest
  7233 | Bailey   | Noticed a sixfirhy
  7238 | Bailey   | Noticed a sixfirhy
  7239 | Bailey   | Noticed an orange demon
  7240 | Bailey   | HP: 1/91 [sixfirhy[an orc high priest] (4)]
  7240 | Bailey   | Mangled by a sixfirhy

Illustrated notes

Levels and vault maps discovered:
D:1:      shiori_arrival_oz, layout_basic
D:2:      layout_basic, uniq_robin, uniq_jessica
D:3:      layout_basic, minmay_cut_off
D:4:      layout_rooms, mainiacjoe_overflow_brackets, minmay_liquid_box,
          minmay_misc_feat_secret_circle, uniq_menkaure
D:5:      layout_cave_pools, gammafunk_ghost_nasty_kobolds
D:6:      layout_loops_ring, mainiacjoe_overflow_alcove_1,
          mainiacjoe_overflow_small_starburst, nicolae_uskayaw_en_pointe,
          minmay_temple_entry_antechambers, uniq_edmund, uniq_sigmund,
          uniq_crazy_yiuf_cottage
D:7:      layout_rooms, fedhas_altar_4, serial_shops, kennysheep_mini_moat,
          enter_bailey_5, uniq_joseph, uniq_maggie
Temple:   lightli_temple_of_artemis
Bailey:   bailey_axe_of_yendor_kennysheep, bailey

Skill      XL: |  1  2  3  4  5  6  7  8  9 10 |
---------------+-------------------------------+-----
Throwing       | 2 |  2.0
Dodging        | 3 4 5 6 7 8 |  8.0
Fighting       | 3 4 5 6 7 9 |  9.4
Long Blades    | 4 5 6 7 8 |  8.8
Invocations    | 1 4 5 |  5.1

Action                     |  1- 3 |  4- 6 |  7- 9 | 10-12 || total
---------------------------+-------+-------+-------+-------++-------
  Melee: Long sword        |    83 |   200 |   324 |    54 ||   661
         Tailslap          |     8 |    24 |    51 |     9 ||    92
         Punch             |     1 |     4 |     6 |       ||    11
Ability: Breathe Fire      |       |       |    17 |     4 ||    21
  Evoke: Wand              |       |       |     3 |       ||     3
    Use: Potion            |       |     3 |       |       ||     3
         Scroll            |       |     2 |       |     1 ||     3
   Stab: Sleeping          |     1 |     3 |       |       ||     4
         Invisible         |       |     1 |       |       ||     1
 Armour: Skin              |    48 |   115 |   181 |    44 ||   388
  Dodge: Dodged            |    53 |   152 |   238 |    41 ||   484

Table legend: (Time is in decaauts)
 A = Elapsed time spent in this place.
 B = Non-inter-level travel time spent in this place.
 C = Inter-level travel time spent in this place.
 D = Time resting spent in this place.
 E = Time spent auto-exploring this place.
 F = Levels seen in this place.
 G = Mean time per level.
                   A        B        C        D        E       F      G
               +--------+--------+--------+--------+--------+-----+--------+
         Total |   7331 |   7147 |    184 |   2023 |   3341 |   9 |  814.6 |
       Dungeon |   6111 |   5928 |    183 |   1319 |   3341 |   7 |  873.0 |
        Temple |     16 |     16 |      0 |      0 |      0 |   1 |   16.0 |
        Bailey |   1203 |   1203 |      0 |    704 |      0 |   1 | 1203.0 |
               +--------+--------+--------+--------+--------+-----+--------+

Top non-repeatable levels by time:
  Bailey: 1203 daAuts
     D:2: 1069 daAuts
     D:6: 1032 daAuts
     D:4: 1031 daAuts
     D:5: 978 daAuts
     D:3: 945 daAuts
     D:1: 792 daAuts
     D:7: 262 daAuts
  Temple: 16 daAuts
